[Event "GER-ch Youth U18w 2019"]
[Site "Willingen"]
[Date "2019.06.09"]
[Round "1.1"]
[White "Fock, Sana"]
[Black "Schulze, Lara"]
[Result "0-1"]
[ECO "B22"]
[WhiteElo "1796"]
[BlackElo "2160"]
[Annotator "NA"]
[PlyCount "68"]
[EventDate "2019.06.07"]
[EventType "swiss"]
[EventRounds "9"]
[EventCountry "GER"]
[SourceTitle "playchess.com"]
[Source "ChessBase"]
[SourceQuality "1"]
[TimeControl "40/5400+30:1800+30"]

1. e4 c5 2. c3 Nf6 3. e5 Nd5 4. d4 cxd4 5. cxd4 d6 6. Nf3 Nc6 7. Bc4 Nb6 8. Bb3 dxe5 9. d5 Na5 10. Nc3 f6 11. Be3 Kf7 12. O-O Nxb3 13. Qxb3 e6 14. Bxb6 Qxb6 15. Qxb6 axb6 16. Rfd1 Bb4 17. Nb5 Bd7 18. dxe6+ Bxe6 19. Nc7 Rxa2 20. Nxe6 Rxa1 21. Neg5+ fxg5 22. Rxa1 Kf6 23. h3 Rc8 24. Nh2 Rc2 25. Ng4+ Ke6 26. Rb1 Bc5 27. Kf1 h5 28. Ne3 Bxe3 29. fxe3 Kf5 30. b4 Ke4 31. b5 Kxe3 32. Rb3+ Kd4 33. Rg3 g4 34. hxg4 Rc3 {[%emt 0:01:05] normal} 0-1

[Event "GER-ch Youth U18w 2019"]
[Site "Willingen"]
[Date "2019.06.09"]
[Round "1.2"]
[White "Ziegenfuss, Antonia"]
[Black "Mundt, Alexandra"]
[Result "1-0"]
[ECO "A52"]
[WhiteElo "2111"]
[BlackElo "1797"]
[Annotator "NA"]
[PlyCount "99"]
[EventDate "2019.06.07"]
[EventType "swiss"]
[EventRounds "9"]
[EventCountry "GER"]
[SourceTitle "playchess.com"]
[Source "ChessBase"]
[SourceQuality "1"]
[TimeControl "40/5400+30:1800+30"]

1. d4 Nf6 2. c4 e5 3. dxe5 Ng4 4. Nc3 Nxe5 5. e3 Bb4 6. Bd2 d6 7. a3 Bxc3 8. Bxc3 a5 9. Be2 O-O 10. Nf3 Nbc6 11. O-O a4 12. Nxe5 Nxe5 13. f4 Nc6 14. Rf3 f6 15. Qd5+ Kh8 16. Bd3 Qe8 17. Rg3 Ne7 18. Qf3 c6 19. f5 Qd7 20. Rf1 d5 21. Qg4 Ng8 22. cxd5 Nh6 23. Qb4 Rf7 24. d6 b5 25. Bb1 Rf8 26. Qd4 Ba6 27. Bb4 Rfe8 28. e4 Rad8 29. Ba2 Bc8 30. Rd1 Nxf5 31. exf5 Qxf5 32. Rf1 Qe4 33. Qxe4 Rxe4 34. Rd3 Bg4 35. Rg3 Bc8 36. Rc3 Bd7 37. Rcc1 Rde8 38. Rce1 h6 39. Rxe4 Rxe4 40. Re1 Rxe1+ 41. Bxe1 Kh7 42. Kf2 Kg6 43. Ke3 c5 44. Ke4 c4 45. Kd5 Kf7 46. Bb1 g6 47. Be4 f5 48. Bf3 Be8 49. Kc5 Ke6 50. Bc6 {[%emt 0:00:00] normal Kd5+} 1-0

[Event "GER-ch Youth U18w 2019"]
[Site "Willingen"]
[Date "2019.06.09"]
[Round "1.3"]
[White "Alferova, Ekaterina"]
[Black "Ratay, Meike"]
[Result "0-1"]
[ECO "A45"]
[WhiteElo "1597"]
[BlackElo "1991"]
[Annotator "NA"]
[PlyCount "69"]
[EventDate "2019.06.07"]
[EventType "swiss"]
[EventRounds "9"]
[EventCountry "GER"]
[SourceTitle "playchess.com"]
[Source "ChessBase"]
[SourceQuality "1"]
[TimeControl "40/5400+30:1800+30"]

1. d4 Nf6 2. Bf4 d6 3. e3 Nbd7 4. Nf3 e6 5. Nbd2 b6 6. h3 Bb7 7. Bh2 h6 8. Bd3 Be7 9. Qe2 c5 10. c3 a6 11. O-O g5 12. e4 g4 13. hxg4 Nxg4 14. Bg3 h5 15. Nc4 Ndf6 16. Rfe1 b5 17. Nxd6+ Bxd6 18. Bxd6 Qxd6 19. e5 Qd5 20. exf6 cxd4 21. cxd4 Nxf6 22. Qe5 Ke7 23. Rac1 Rac8 24. Rc7+ Rxc7 25. Qxc7+ Qd7 26. Qc5+ Qd6 27. Ne5 Rg8 28. f3 Rd8 29. Qxd6+ Rxd6 30. Kf2 Rxd4 31. Ke3 Rd8 32. Rc1 Nd5+ 33. Kf2 Rc8 34. Rxc8 Bxc8 35. a3 {[%emt 0:00:00] normal} 0-1

[Event "GER-ch Youth U18w 2019"]
[Site "Willingen"]
[Date "2019.06.09"]
[Round "1.4"]
[White "Arnhold, Steffi"]
[Black "Tampe, Friederike"]
[Result "1-0"]
[ECO "C50"]
[WhiteElo "1996"]
[BlackElo "1512"]
[Annotator "NA"]
[PlyCount "81"]
[EventDate "2019.06.07"]
[EventType "swiss"]
[EventRounds "9"]
[EventCountry "GER"]
[SourceTitle "playchess.com"]
[Source "ChessBase"]
[SourceQuality "1"]
[TimeControl "40/5400+30:1800+30"]

1. e4 e5 2. Nf3 Nc6 3. Bc4 Bc5 4. d3 h6 5. c3 Nf6 6. Nbd2 d6 7. a4 a6 8. h3 O-O 9. Qe2 Ba7 10. g4 Nh7 11. Rg1 Ne7 12. g5 hxg5 13. Nxg5 Nxg5 14. Rxg5 g6 15. h4 Kg7 16. Nf3 Rh8 17. Be3 Ng8 18. Rg1 Nh6 19. Ng5 Qe8 20. h5 Bd7 21. Bxa7 Rxa7 22. a5 Qe7 23. hxg6 fxg6 24. Kd2 Raa8 25. Rg3 Raf8 26. Rag1 Rf6 27. Kc1 Qf8 28. f3 Qe8 29. Qg2 Kf8 30. Rh1 Ke7 31. Rh4 Qf8 32. Qh1 Rf4 33. Rh2 Qg7 34. Nh3 Rh4 35. Qg2 Be8 36. Ng5 Rxh2 37. Qxh2 Bd7 38. Qg2 Qf6 39. Kd1 Rf8 40. Nh7 Be8 41. Nxf6 {[%emt 0:30:06] normal} 1-0

[Event "GER-ch Youth U18w 2019"]
[Site "Willingen"]
[Date "2019.06.09"]
[Round "1.5"]
[White "Gauchel, Verena"]
[Black "Moenster, Madita"]
[Result "0-1"]
[ECO "A60"]
[WhiteElo "1534"]
[BlackElo "1994"]
[Annotator "NA"]
[PlyCount "34"]
[EventDate "2019.06.07"]
[EventType "swiss"]
[EventRounds "9"]
[EventCountry "GER"]
[SourceTitle "playchess.com"]
[Source "ChessBase"]
[SourceQuality "1"]
[TimeControl "40/5400+30:1800+30"]

1. d4 Nf6 2. c4 c5 3. d5 e6 4. Nc3 exd5 5. Nxd5 Nxd5 6. Qxd5 Nc6 7. Nf3 d6 8. b3 Be7 9. Bb2 O-O 10. g3 Nb4 11. Qe4 Bf6 12. Qb1 Bf5 13. Qxf5 Bxb2 14. Rd1 Bc3+ 15. Nd2 Qf6 16. Qb1 Rae8 17. a3 {[%emt 0:03:00] normal} Qf3 {[%emt 0:02:47] normal} 0-1

[Event "GER-ch Youth U18w 2019"]
[Site "Willingen"]
[Date "2019.06.09"]
[Round "1.6"]
[White "Poetsch, Leonore"]
[Black "Schneider, Xenia"]
[Result "1-0"]
[ECO "B10"]
[WhiteElo "1982"]
[BlackElo "1364"]
[Annotator "NA"]
[PlyCount "107"]
[EventDate "2019.06.07"]
[EventType "swiss"]
[EventRounds "9"]
[EventCountry "GER"]
[SourceTitle "playchess.com"]
[Source "ChessBase"]
[SourceQuality "1"]
[TimeControl "40/5400+30:1800+30"]

1. e4 c6 2. Nf3 d5 3. Nc3 dxe4 4. Nxe4 Nf6 5. Ng3 h5 6. Bc4 h4 7. Ne2 b5 8. Bb3 c5 9. d3 Bb7 10. Nf4 Nd5 11. h3 e6 12. O-O Be7 13. a4 a6 14. Re1 O-O 15. Qe2 Nxf4 16. Bxf4 Bf6 17. Ne5 Qe7 18. Qh5 Nc6 19. Nxf7 c4 20. Ng5 Bxg5 21. Bxg5 Qc5 22. Qxh4 cxb3 23. cxb3 Nd4 24. Rac1 Qd5 25. Qg3 Rf7 26. axb5 Nf3+ 27. gxf3 Rxf3 28. Qe5 Rg3+ 29. Kf1 Qg2+ 30. Ke2 Rxg5 31. Qxe6+ Kh8 32. Qe3 Rf5 33. bxa6 Bf3+ 34. Kd2 Bh5 35. Rf1 Re8 36. Qb6 Qg5+ 37. Kc2 Rc8+ 38. Kb1 Rxc1+ 39. Rxc1 Qd2 40. Qe3 Qb4 41. a7 Rf8 42. Qc5 Qxc5 43. Rxc5 Bg6 44. Kc2 Rxf2+ 45. Kc3 Rf8 46. Rb5 Kh7 47. Rb8 Rf3 48. a8=Q Rxd3+ 49. Kc4 Bf5 50. Rh8+ Kg6 51. h4 Re3 52. h5+ Kg5 53. Qg2+ Bg4 54. Qd2 {[%emt 0:00:00] normal} 1-0

[Event "GER-ch Youth U18w 2019"]
[Site "Willingen"]
[Date "2019.06.09"]
[Round "1.7"]
[White "Peters, Jenna Maria Lara"]
[Black "Möller, Lisa-Marie"]
[Result "0-1"]
[ECO "B20"]
[WhiteElo "1594"]
[BlackElo "1900"]
[Annotator "NA"]
[PlyCount "106"]
[EventDate "2019.06.07"]
[EventType "swiss"]
[EventRounds "9"]
[EventCountry "GER"]
[SourceTitle "playchess.com"]
[Source "ChessBase"]
[SourceQuality "1"]
[TimeControl "40/5400+30:1800+30"]

1. e4 c5 2. b3 Nc6 3. Bb5 Nd4 4. Nc3 Nxb5 5. Nxb5 a6 6. Nc3 g6 7. Nge2 Bg7 8. Bb2 d6 9. O-O b5 10. a3 Bb7 11. d3 Nf6 12. f4 O-O 13. Ng3 Rc8 14. Nce2 Nxe4 15. Bxg7 Nxg3 16. Bxf8 Nxf1 17. Bxe7 Qxe7 18. Qxf1 c4 19. dxc4 bxc4 20. Nd4 Qe4 21. Qf2 cxb3 22. cxb3 Rc3 23. Rd1 Rd3 24. Rd2 Re3 25. h3 Bd5 26. Nc2 Rxb3 27. Qd4 Rb1+ 28. Kh2 Qxd4 29. Rxd4 Bb7 30. Rxd6 Rb2 31. Ne3 Rb3 32. Nc4 Rc3 33. Na5 Be4 34. Rd4 f5 35. Ra4 Rc2 36. Nc4 Rxg2+ 37. Kh1 Rf2+ 38. Kg1 Rxf4 39. Rxa6 Bb7 40. Ra4 Bd5 41. Nb6 Rxa4 42. Nxa4 Kf7 43. Nb6 Ke6 44. a4 Kd6 45. a5 Bb7 46. Kf2 g5 47. Kg3 h5 48. h4 f4+ 49. Kh3 g4+ 50. Kh2 g3+ 51. Kg1 f3 52. Nc4+ Ke6 53. Kf1 Ba6 {[%emt 0:00:00] normal} 0-1

[Event "GER-ch Youth U18w 2019"]
[Site "Willingen"]
[Date "2019.06.09"]
[Round "1.8"]
[White "Köhler, Inken"]
[Black "Fuchs, Emily"]
[Result "1-0"]
[ECO "A17"]
[WhiteElo "1979"]
[BlackElo "1384"]
[Annotator "NA"]
[PlyCount "61"]
[EventDate "2019.06.07"]
[EventType "swiss"]
[EventRounds "9"]
[EventCountry "GER"]
[SourceTitle "playchess.com"]
[Source "ChessBase"]
[SourceQuality "1"]
[TimeControl "40/5400+30:1800+30"]

1. c4 Nf6 2. Nc3 e6 3. g3 d5 4. cxd5 exd5 5. Bg2 Be6 6. d3 Nc6 7. Nf3 Bb4 8. O-O O-O 9. Bf4 Bd6 10. Bxd6 Qxd6 11. d4 Rfe8 12. Rc1 Bg4 13. h3 Bh5 14. Na4 Re7 15. Nc5 b6 16. Nb3 Nd8 17. e3 Ne4 18. Qc2 Ne6 19. Nh4 Qd7 20. Bxe4 dxe4 21. Qxe4 Rd8 22. Qg2 Qa4 23. d5 Nf8 24. Nd4 Red7 25. a3 f6 26. Ne6 Nxe6 27. dxe6 Rd2 28. Rxc7 Be8 29. Nf5 g6 30. Nh6+ Kh8 31. Qb7 {[%emt 0:00:29] normal} 1-0

[Event "GER-ch Youth U18w 2019"]
[Site "Willingen"]
[Date "2019.06.09"]
[Round "1.9"]
[White "Kuemmel, Tina"]
[Black "Reitz, Theresa"]
[Result "0-1"]
[ECO "A04"]
[WhiteElo "1446"]
[BlackElo "1976"]
[Annotator "NA"]
[PlyCount "88"]
[EventDate "2019.06.07"]
[EventType "swiss"]
[EventRounds "9"]
[EventCountry "GER"]
[SourceTitle "playchess.com"]
[Source "ChessBase"]
[SourceQuality "1"]
[TimeControl "40/5400+30:1800+30"]

1. Nf3 c5 2. g3 Nc6 3. Bg2 e5 4. e4 g6 5. O-O Bg7 6. d3 Nge7 7. c3 O-O 8. Be3 d6 9. Nbd2 f5 10. Qb3+ Kh8 11. Ng5 f4 12. Nf7+ Rxf7 13. Qxf7 fxe3 14. fxe3 Bg4 15. Nf3 Qd7 16. Ng5 Nd8 17. Qf2 h6 18. Nf3 Ndc6 19. Qd2 b5 20. Rf2 Rd8 21. Nh4 Kh7 22. Rf7 Be6 23. Rf2 d5 24. exd5 Bxd5 25. e4 Be6 26. Bf1 c4 27. Rd1 Bg4 28. Be2 Bxe2 29. Rxe2 cxd3 30. Re3 Qe6 31. b3 g5 32. Ng2 b4 33. Rxd3 bxc3 34. Qxc3 Nd4 35. R3d2 Ne2+ 36. Rxe2 Rxd1+ 37. Re1 Qb6+ 38. Kh1 Qd4 39. Qxd4 Rxd4 40. Re2 Nc6 41. Kg1 Bf8 42. Kf2 Bc5 43. Ke1 Nb4 44. Kf1 Rd1+ {[%emt 0:01:00] normal} 0-1

[Event "GER-ch Youth U18w 2019"]
[Site "Willingen"]
[Date "2019.06.09"]
[Round "1.11"]
[White "Kadach, Maria"]
[Black "Koenze, Heike"]
[Result "1-0"]
[ECO "A40"]
[WhiteElo "1448"]
[BlackElo "1919"]
[Annotator "NA"]
[PlyCount "59"]
[EventDate "2019.06.07"]
[EventType "swiss"]
[EventRounds "9"]
[EventCountry "GER"]
[SourceTitle "playchess.com"]
[Source "ChessBase"]
[SourceQuality "1"]
[TimeControl "40/5400+30:1800+30"]

1. d4 e6 2. Bf4 d5 3. e3 Nf6 4. Nd2 c5 5. c3 Nc6 6. Ngf3 Be7 7. h3 a6 8. Bd3 b6 9. O-O Bb7 10. Ne5 Nxe5 11. Bxe5 O-O 12. Qb1 h6 13. Re1 Nd7 14. Bh2 Bf6 15. Nf3 Re8 16. Ne5 Bxe5 17. dxe5 c4 18. Bh7+ Kh8 19. Bc2 Nc5 20. Qd1 Qe7 21. Bf4 a5 22. Qh5 Nd3 23. Bxd3 cxd3 24. g4 Kg8 25. g5 hxg5 26. Bxg5 Qc7 27. Bf6 Qc5 28. Kh2 d4 29. Rg1 Qf8 30. Qh6 {[%emt 0:00:30] normal} 1-0

[Event "GER-ch Youth U18w 2019"]
[Site "Willingen"]
[Date "2019.06.09"]
[Round "1.12"]
[White "Browning, Rebecca"]
[Black "Trams, Emma Joe"]
[Result "1-0"]
[ECO "C44"]
[WhiteElo "1923"]
[BlackElo "1418"]
[Annotator "NA"]
[PlyCount "51"]
[EventDate "2019.06.07"]
[EventType "swiss"]
[EventRounds "9"]
[EventCountry "GER"]
[SourceTitle "playchess.com"]
[Source "ChessBase"]
[SourceQuality "1"]
[TimeControl "40/5400+30:1800+30"]

1. e4 e5 2. Nf3 Nc6 3. d4 exd4 4. Nxd4 Nxd4 5. Qxd4 d6 6. Bc4 Be6 7. O-O Bxc4 8. Qxc4 Nf6 9. Qb5+ Nd7 10. Qxb7 Be7 11. Nc3 c5 12. Nd5 O-O 13. Bd2 a5 14. Qb5 Re8 15. b3 Bf6 16. Nxf6+ Nxf6 17. f3 Qc7 18. Bg5 Nd7 19. Rad1 Ne5 20. Bf4 Reb8 21. Qe2 a4 22. Rd5 axb3 23. axb3 Qb6 24. Bxe5 dxe5 25. Qc4 f6 26. Rd6+ {[%emt 0:00:08] normal} 1-0

[Event "GER-ch Youth U18w 2019"]
[Site "Willingen"]
[Date "2019.06.09"]
[Round "1.13"]
[White "Gesell, Patricia"]
[Black "Kobald, Jacqueline"]
[Result "0-1"]
[ECO "A05"]
[WhiteElo "1046"]
[BlackElo "1839"]
[Annotator "NA"]
[PlyCount "106"]
[EventDate "2019.06.07"]
[EventType "swiss"]
[EventRounds "9"]
[EventCountry "GER"]
[SourceTitle "playchess.com"]
[Source "ChessBase"]
[SourceQuality "1"]
[TimeControl "40/5400+30:1800+30"]

1. Nf3 Nf6 2. c4 g6 3. g3 Bg7 4. Bg2 O-O 5. O-O d6 6. Nc3 Nc6 7. b3 Rb8 8. Bb2 e5 9. Rb1 Bf5 10. d3 Qd7 11. e4 Bg4 12. Qd2 Bh3 13. Ng5 Bxg2 14. Kxg2 h6 15. Nf3 Nh5 16. Nd5 Ne7 17. d4 c6 18. Nxe7+ Qxe7 19. Rbe1 Rbe8 20. Ba3 exd4 21. Nxd4 Rd8 22. Qd1 Rfe8 23. Nf5 gxf5 24. Qxh5 fxe4 25. Qg4 Qe6 26. Qxe6 Rxe6 27. Re2 d5 28. Bc5 b6 29. cxd5 cxd5 30. Be3 d4 31. Bf4 f5 32. Rd1 Rc6 33. f3 d3 34. Red2 h5 35. fxe4 fxe4 36. Rf1 Rf8 37. Bg5 Rxf1 38. Kxf1 Bd4 39. h3 Rg6 40. Bf4 h4 41. Rg2 e3 42. Ke1 hxg3 43. Rxg3 Bc3+ 44. Kf1 e2+ 45. Kg2 Rxg3+ 46. Bxg3 d2 47. h4 d1=Q 48. Kh3 e1=Q 49. Bxe1 Bxe1 50. a4 Qf3+ 51. Kh2 Bf2 52. a5 Qg3+ 53. Kh1 Qg1# {unterminated} 0-1

[Event "GER-ch Youth U18w 2019"]
[Site "Willingen"]
[Date "2019.06.09"]
[Round "2.1"]
[White "Schulze, Lara"]
[Black "Koehler, Inken"]
[Result "1-0"]
[ECO "B06"]
[WhiteElo "2160"]
[BlackElo "1975"]
[Annotator "NA"]
[PlyCount "21"]
[EventDate "2019.06.07"]
[EventType "swiss"]
[EventRounds "9"]
[EventCountry "GER"]
[SourceTitle "playchess.com"]
[Source "ChessBase"]
[SourceQuality "1"]
[TimeControl "40/5400+30:1800+30"]

1. e4 g6 2. d4 Bg7 3. Nf3 d6 4. Bc4 Nf6 5. Qe2 O-O 6. O-O c6 7. e5 dxe5 8. dxe5 Nd5 9. h3 Qc7 10. Bxd5 cxd5 11. Nc3 {[%emt 0:00:49] normal} 1-0

[Event "GER-ch Youth U18w 2019"]
[Site "Willingen"]
[Date "2019.06.09"]
[Round "2.3"]
[White "Ratay, Meike"]
[Black "Nguyen, Ha Thanh"]
[Result "0-1"]
[ECO "B38"]
[WhiteElo "1991"]
[BlackElo "1940"]
[Annotator "NA"]
[PlyCount "34"]
[EventDate "2019.06.07"]
[EventType "swiss"]
[EventRounds "9"]
[EventCountry "GER"]
[SourceTitle "playchess.com"]
[Source "ChessBase"]
[SourceQuality "1"]
[TimeControl "40/5400+30:1800+30"]

1. e4 c5 2. Nf3 Nc6 3. d4 cxd4 4. Nxd4 g6 5. c4 Bg7 6. Be3 Nf6 7. Nc3 O-O 8. Be2 d6 9. O-O Bd7 10. f3 Nxd4 11. Bxd4 a5 12. b3 Bc6 13. Qd2 Nd7 14. Bf2 Nc5 15. Rab1 h5 16. a3 Kh7 17. Rfd1 Qc7 {[%emt 0:04:18] normal} 0-1

[Event "GER-ch Youth U18w 2019"]
[Site "Willingen"]
[Date "2019.06.09"]
[Round "2.4"]
[White "Reitz, Theresa"]
[Black "Arnhold, Steffi"]
[Result "0-1"]
[ECO "A05"]
[WhiteElo "1976"]
[BlackElo "1996"]
[Annotator "NA"]
[PlyCount "20"]
[EventDate "2019.06.07"]
[EventType "swiss"]
[EventRounds "9"]
[EventCountry "GER"]
[SourceTitle "playchess.com"]
[Source "ChessBase"]
[SourceQuality "1"]
[TimeControl "40/5400+30:1800+30"]

1. Nf3 Nf6 2. g3 e6 3. Bg2 d5 4. O-O Be7 5. d4 O-O 6. c4 dxc4 7. Qa4 a6 8. Qxc4 b5 9. Qc2 Bb7 10. Nc3 Nbd7 {[%emt 0:06:01] normal} 0-1

[Event "GER-ch Youth U18w 2019"]
[Site "Willingen"]
[Date "2019.06.09"]
[Round "2.5"]
[White "Moenster, Madita"]
[Black "Browning, Rebecca"]
[Result "1-0"]
[ECO "C11"]
[WhiteElo "1994"]
[BlackElo "1923"]
[Annotator "NA"]
[PlyCount "20"]
[EventDate "2019.06.07"]
[EventType "swiss"]
[EventRounds "9"]
[EventCountry "GER"]
[SourceTitle "playchess.com"]
[Source "ChessBase"]
[SourceQuality "1"]
[TimeControl "40/5400+30:1800+30"]

1. e4 e6 2. d4 d5 3. Nc3 Nf6 4. e5 Nfd7 5. f4 c5 6. Nf3 Be7 7. Be3 b6 8. Qd2 O-O 9. Nd1 Nc6 10. c3 a5 {[%emt 0:03:41] normal} 1-0

[Event "GER-ch Youth U18w 2019"]
[Site "Willingen"]
[Date "2019.06.09"]
[Round "2.6"]
[White "Kobald, Jacqueline"]
[Black "Poetsch, Leonore"]
[Result "1/2-1/2"]
[ECO "C11"]
[WhiteElo "1839"]
[BlackElo "1982"]
[Annotator "NA"]
[PlyCount "28"]
[EventDate "2019.06.07"]
[EventType "swiss"]
[EventRounds "9"]
[EventCountry "GER"]
[SourceTitle "playchess.com"]
[Source "ChessBase"]
[SourceQuality "1"]
[TimeControl "40/5400+30:1800+30"]

1. e4 e6 2. d4 d5 3. Nc3 Nf6 4. e5 Nfd7 5. f4 c5 6. Nf3 Nc6 7. Be3 Be7 8. Qd2 O-O 9. Be2 b6 10. O-O f5 11. Nd1 cxd4 12. Nxd4 Nxd4 13. Bxd4 Nc5 14. Nf2 Bb7 {[%emt 0:03:10] normal} 1/2-1/2

[Event "GER-ch Youth U18w 2019"]
[Site "Willingen"]
[Date "2019.06.09"]
[Round "2.7"]
[White "Mundt, Alexandra"]
[Black "Kadach, Maria"]
[Result "1/2-1/2"]
[ECO "B17"]
[WhiteElo "1797"]
[BlackElo "1448"]
[Annotator "NA"]
[PlyCount "25"]
[EventDate "2019.06.07"]
[EventType "swiss"]
[EventRounds "9"]
[EventCountry "GER"]
[SourceTitle "playchess.com"]
[Source "ChessBase"]
[SourceQuality "1"]
[TimeControl "40/5400+30:1800+30"]

1. e4 c6 2. d4 d5 3. Nd2 dxe4 4. Nxe4 Nd7 5. Nf3 Ngf6 6. Ng3 Nb6 7. Be2 e6 8. Bf4 Nbd5 9. Bd2 c5 10. c4 Nb6 11. Bc3 Nbd7 12. O-O Be7 13. Qc2 {[%emt 0:02:29] normal} 1/2-1/2

[Event "GER-ch Youth U18w 2019"]
[Site "Willingen"]
[Date "2019.06.09"]
[Round "2.8"]
[White "Koenze, Heike"]
[Black "Peters, Jenna Maria Lara"]
[Result "1-0"]
[ECO "C45"]
[WhiteElo "1919"]
[BlackElo "1594"]
[Annotator "NA"]
[PlyCount "36"]
[EventDate "2019.06.07"]
[EventType "swiss"]
[EventRounds "9"]
[EventCountry "GER"]
[SourceTitle "playchess.com"]
[Source "ChessBase"]
[SourceQuality "1"]
[TimeControl "40/5400+30:1800+30"]

1. e4 e5 2. Nf3 Nc6 3. d4 exd4 4. Nxd4 Bc5 5. Nb3 Bb6 6. Nc3 Nf6 7. Bg5 h6 8. Bh4 d6 9. Bb5 g5 10. Bg3 Be6 11. Qe2 Qe7 12. O-O-O O-O-O 13. Bxc6 bxc6 14. Qa6+ Kd7 15. e5 Nd5 16. Nxd5 Bxd5 17. exd6 cxd6 18. Rhe1 Qf6 {[%emt 0:01:02] normal} 1-0

[Event "GER-ch Youth U18w 2019"]
[Site "Willingen"]
[Date "2019.06.09"]
[Round "2.9"]
[White "Fuchs, Emily"]
[Black "Fock, Sana"]
[Result "1/2-1/2"]
[ECO "B21"]
[WhiteElo "1384"]
[BlackElo "1796"]
[Annotator "NA"]
[PlyCount "30"]
[EventDate "2019.06.07"]
[EventType "swiss"]
[EventRounds "9"]
[EventCountry "GER"]
[SourceTitle "playchess.com"]
[Source "ChessBase"]
[SourceQuality "1"]
[TimeControl "40/5400+30:1800+30"]

1. e4 c5 2. d4 cxd4 3. c3 Nf6 4. e5 Nd5 5. Nf3 d6 6. cxd4 Nc6 7. Nc3 dxe5 8. Nxe5 Nxc3 9. Nxc6 Nxd1 10. Nxd8 Kxd8 11. Kxd1 Bf5 12. Bf4 Rc8 13. Rc1 Rxc1+ 14. Kxc1 a6 15. a3 Be6 {[%emt 0:02:50] normal} 1/2-1/2

[Event "GER-ch Youth U18w 2019"]
[Site "Willingen"]
[Date "2019.06.09"]
[Round "2.13"]
[White "Schneider, Xenia"]
[Black "Gesell, Patricia"]
[Result "1/2-1/2"]
[ECO "B06"]
[WhiteElo "1364"]
[BlackElo "1046"]
[Annotator "NA"]
[PlyCount "29"]
[EventDate "2019.06.07"]
[EventType "swiss"]
[EventRounds "9"]
[EventCountry "GER"]
[SourceTitle "playchess.com"]
[Source "ChessBase"]
[SourceQuality "1"]
[TimeControl "40/5400+30:1800+30"]

1. e4 g6 2. Bc4 Bg7 3. Nf3 Nf6 4. Nc3 O-O 5. O-O Nc6 6. d4 b6 7. e5 Ne8 8. Ng5 e6 9. f4 Bb7 10. f5 exf5 11. Rxf5 Na5 12. Bxf7+ Rxf7 13. Rxf7 h6 14. e6 dxe6 15. Nxe6 {normal} 1/2-1/2

[Event "GER-ch Youth U18w 2019"]
[Site "Willingen"]
[Date "2019.06.10"]
[Round "3.1"]
[White "Nguyen, Ha Thanh"]
[Black "Schulze, Lara"]
[Result "1/2-1/2"]
[ECO "B68"]
[WhiteElo "1940"]
[BlackElo "2160"]
[Annotator "NA"]
[PlyCount "47"]
[EventDate "2019.06.07"]
[EventType "swiss"]
[EventRounds "9"]
[EventCountry "GER"]
[SourceTitle "playchess.com"]
[Source "ChessBase"]
[SourceQuality "1"]
[TimeControl "40/5400+30:1800+30"]

1. e4 c5 2. Nf3 d6 3. d4 cxd4 4. Nxd4 Nf6 5. Nc3 Nc6 6. Bg5 e6 7. Qd2 a6 8. O-O-O Bd7 9. f4 Be7 10. Kb1 h6 11. Bh4 b5 12. a3 Qb6 13. f5 Qxd4 14. Qxd4 Nxd4 15. Rxd4 Bc6 16. Bxf6 Bxf6 17. Rxd6 Rc8 18. fxe6 Ke7 19. Rd2 fxe6 20. Bd3 Bxc3 21. bxc3 Rhf8 22. Kb2 Bb7 23. Re1 Rc5 24. Re3 {[%emt 0:00:45] normal} 1/2-1/2

[Event "GER-ch Youth U18w 2019"]
[Site "Willingen"]
[Date "2019.06.10"]
[Round "3.2"]
[White "Arnhold, Steffi"]
[Black "Moenster, Madita"]
[Result "1/2-1/2"]
[ECO "B56"]
[WhiteElo "1996"]
[BlackElo "1994"]
[Annotator "NA"]
[PlyCount "62"]
[EventDate "2019.06.07"]
[EventType "swiss"]
[EventRounds "9"]
[EventCountry "GER"]
[SourceTitle "playchess.com"]
[Source "ChessBase"]
[SourceQuality "1"]
[TimeControl "40/5400+30:1800+30"]

1. e4 c5 2. Nf3 Nc6 3. d4 cxd4 4. Nxd4 Nf6 5. Nc3 d6 6. f4 e5 7. Nxc6 bxc6 8. fxe5 dxe5 9. Qxd8+ Kxd8 10. a3 Bc5 11. Bg5 Ke7 12. O-O-O h6 13. Bh4 Be6 14. Ba6 Rab8 15. Rhe1 Bd4 16. Na4 g5 17. Bg3 Nd7 18. c3 Bb6 19. Rxd7+ Bxd7 20. Bxe5 f6 21. Bxb8 Rxb8 22. Nxb6 Rxb6 23. Bc4 a5 24. e5 c5 25. exf6+ Kxf6 26. Rd1 Be6 27. Rf1+ Kg6 28. Bxe6 Rxe6 29. Rf2 c4 30. a4 Re1+ 31. Kc2 Ra1 {[%emt 0:01:01] normal} 1/2-1/2

[Event "GER-ch Youth U18w 2019"]
[Site "Willingen"]
[Date "2019.06.10"]
[Round "3.3"]
[White "Ziegenfuss, Antonia"]
[Black "Kobald, Jacqueline"]
[Result "1-0"]
[ECO "A44"]
[WhiteElo "2111"]
[BlackElo "1839"]
[Annotator "NA"]
[PlyCount "33"]
[EventDate "2019.06.07"]
[EventType "swiss"]
[EventRounds "9"]
[EventCountry "GER"]
[SourceTitle "playchess.com"]
[Source "ChessBase"]
[SourceQuality "1"]
[TimeControl "40/5400+30:1800+30"]

1. d4 c5 2. d5 e5 3. c4 d6 4. e4 Be7 5. Nc3 a6 6. Bd3 Bg5 7. Nge2 Bxc1 8. Qxc1 Ne7 9. O-O O-O 10. a3 f5 11. f4 Ng6 12. exf5 Bxf5 13. Bxf5 Rxf5 14. Qc2 Rf7 15. f5 Ne7 16. Ng3 Nd7 17. Nce4 {[%emt 0:02:00] normal} 1-0

[Event "GER-ch Youth U18w 2019"]
[Site "Willingen"]
[Date "2019.06.10"]
[Round "3.4"]
[White "Kadach, Maria"]
[Black "Moeller, Lisa-Marie"]
[Result "0-1"]
[ECO "A43"]
[WhiteElo "1448"]
[BlackElo "1900"]
[Annotator "NA"]
[PlyCount "61"]
[EventDate "2019.06.07"]
[EventType "swiss"]
[EventRounds "9"]
[EventCountry "GER"]
[SourceTitle "playchess.com"]
[Source "ChessBase"]
[SourceQuality "1"]
[TimeControl "40/5400+30:1800+30"]

1. d4 c5 2. d5 Nf6 3. Nc3 d6 4. e4 g6 5. Nf3 Bg4 6. Be2 Bxf3 7. Bxf3 Bg7 8. O-O Nbd7 9. Bf4 O-O 10. Re1 Ne8 11. Qd2 Nc7 12. a4 a6 13. a5 Re8 14. h3 Rb8 15. Ra2 b5 16. axb6 Rxb6 17. Na4 Rb4 18. b3 Qb8 19. Qc1 c4 20. bxc4 Rxc4 21. Nb2 Rb4 22. c3 Rb3 23. Bd2 Nc5 24. Qc2 Nb5 25. Na4 Na3 26. Rxa3 Rxa3 27. Nxc5 dxc5 28. Rb1 Qc7 29. Qb2 Ra5 30. Be2 c4 31. Qc2 {[%emt 0:02:45] normal} 0-1